 Dungeon Crawl Stone Soup version 0.17-a0-2115-g0d8b93e (webtiles) character file.

165 Maka the Slasher (level 5, 0/35 HPs)
             Began as a Halfling Fighter on Oct 20, 2015.
             Was an Initiate of Okawaru.
             Succumbed to an adder's poison
             ... on level 2 of the Dungeon.
             The game lasted 00:05:22 (2042 turns).

Maka the Slasher (Halfling Fighter)                 Turns: 2042, Time: 00:05:22

Health: 0/35       AC:  6    Str: 23 (25) XL:     5   Next: 74%
Magic:  5/5        EV:  9    Int:  7      God:    Okawaru [......]
Gold:   102        SH: 10    Dex: 15      Spells: 0 memorised, 4 levels left

rFire  . . .     SeeInvis .     a - +0 long sword
rCold  . . .     Clarity  .     b - +0 scale mail
rNeg   . . .     SustAt   .     c - +0 shield
rPois  .         Gourm    .     (no helmet)
rElec  .         Spirit   .     (no cloak)
rCorr  .         Warding  .     (no gloves)
rMut   +         Stasis   .     (no boots)
MR     .....                    l - amulet of resist mutation
Stlth  ..........               (no ring)
                                q - +4 ring of strength

@: mighty, lethally poisoned (0 -> -5), not resistant to hostile enchantments,
extremely unstealthy
A: mutation resistance 1
a: Renounce Religion


You were on level 2 of the Dungeon.
You worshipped Okawaru.
Okawaru was noncommittal.
You were hungry.

You visited 1 branch of the dungeon, and saw 3 of its levels.

You collected 102 gold pieces.

Inventory:

Hand Weapons
 a - a +0 long sword (weapon)
Armour
 b - a +0 scale mail (worn)
 c - a +0 shield (worn)
Jewellery
 l - an amulet of resist mutation (around neck)
 q - a +4 ring of strength (left hand)
Scrolls
 h - 4 scrolls of identify {unknown}
 i - 4 scrolls of fear {unknown}
 p - 2 scrolls of fog {unknown}
 u - 3 scrolls of recharging {unknown}
Potions
 f - 2 potions of ambrosia
Comestibles
 e - 4 bread rations
 k - 5 fruits
 o - 2 meat rations


   Skills:
 - Level 2.6 Fighting
 + Level 5.5 Long Blades
 - Level 3.2 Armour
 - Level 3.2 Shields


You had 4 spell levels left.
You didn't know any spells.

Dungeon Overview and Level Annotations

Branches:
Dungeon (3/15)

Altars:
Okawaru
Ru


Innate Abilities, Weirdness & Mutations

You are small and have problems with some larger weapons.
You are somewhat resistant to further mutation.


Message History

The adder bites you but does no damage.
You completely miss the adder.
The adder is moderately wounded.
You block the adder's attack. The adder bites you.
* * * LOW HITPOINT WARNING * * *
You miss the adder.
The adder is moderately wounded.
The adder bites you.
* * * LOW HITPOINT WARNING * * *
You are more poisoned.
The adder poisons you!
Drink which item? (? for menu, Esc to quit)
You feel very mighty all of a sudden.
* * * LOW HITPOINT WARNING * * *
You feel sick. The adder bites you but does no damage.
You block the adder's attack.
You slash the adder!
You kill the adder!
Okawaru accepts your kill.
You die...

.......##.#.>..#[##......## #
..÷<.........†...##.......#######
.>...######......................
.....# #....#.##.....#..######
.....### #....#.##..<...#..#####
.......#######.#.##.............#
#..........###...###...######....
#......###....##†...#### ##...
##..(..# ####...@.....#######....
#.....# ####.###........#.###
#.....# #.######.......# #.....#
#........####### #.....#
#.######## ######## #.# ......##
###.# .......#######...#
........##...).###


There were no monsters in sight!

Vanquished Creatures
  7 adders
  2 gnolls (D:3)
  An adder skeleton (D:3)
  3 worms
  3 orcs (D:3)
  9 hobgoblins
  4 jackals (D:1)
  7 bats
  2 giant cockroaches (D:3)
  4 giant geckos (D:1)
  5 giant newts
  9 goblins
  7 kobolds
  9 rats
72 creatures vanquished.

Notes
Turn   | Place    | Note
--------------------------------------------------------------
     0 | D:1      | Maka the Halfling Fighter began the quest for the Orb.
     0 | D:1      | Reached XP level 1. HP: 15/15 MP: 1/1
   110 | D:1      | Reached XP level 2. HP: 9/20 MP: 2/2
   333 | D:1      | Reached XP level 3. HP: 17/25 MP: 3/3
   818 | D:2      | Found a sacrificial altar of Ru.
   864 | D:2      | Reached skill level 4 in Long Blades
   864 | D:2      | Reached XP level 4. HP: 16/30 MP: 4/4
  1656 | D:3      | Reached XP level 5. HP: 26/35 MP: 5/5
  1716 | D:3      | Reached skill level 5 in Long Blades
  1797 | D:3      | Found an iron altar of Okawaru.
  1805 | D:3      | Became a worshipper of Warmaster Okawaru
  2041 | D:2      | HP: 1/35 [poisoned by an adder]
  2042 | D:2      | Succumbed to an adder's poison

Vault maps used:
D:1:      dpeg_arrival_stone_temple_mockup, item_on_display_a
D:2:      first_bread, serial_park_tiny_1, nicolae_ru_path_of_blood
D:3:      lemuel_round_altar

Action                   |  1- 3 |  4- 6 || total
-------------------------+-------+-------++-------
Melee: Long sword        |   114 |   158 ||   272
  Use: Potion            |       |     8 ||     8
  Eat: Chunk             |       |     4 ||     4
